 Dungeon Crawl Stone Soup version 0.22-a0-352-gc608dd7 (webtiles) character file.

7105 b5mith the Basher (level 10, -2/151 HPs)
             Began as a Minotaur Berserker on Apr 13, 2018.
             Was a High Priest of Trog.
             Slain by Caerwyn's ghost (18 damage)
             ... on level 9 of the Dungeon.
             The game lasted 00:19:20 (8545 turns).

b5mith the Basher (Minotaur Berserker)              Turns: 8545, Time: 00:19:20

Health: -2/151     AC: 15    Str: 29    XL:     10   Next: 84%
Magic:  9/9        EV: 11    Int:  4    God:    Trog [*****.]
Gold:   509        SH:  0    Dex: 11    Spells: 9/9 levels left

rFire    . . .     SeeInvis .   a - +1 morningstar (drain)
rCold    . . .     Gourm    .   (no shield)
rNeg     . . .     Faith    .   h - +1 ring mail {MR+}
rPois    .         Spirit   .   o - +0 hat
rElec    .         Reflect  .   L - +1 cloak
rCorr    .         Harm     .   (no gloves)
MR       +....                  A - +0 pair of boots
Stlth    ..........             (no amulet)
HPRegen  0.35/turn              R - +6 ring of protection
MPRegen  0.11/turn              f - +5 ring of slaying

@: berserking, very quick
A: retaliatory headbutt, horns 2
a: Berserk, Trog's Hand, Brothers in Arms, Renounce Religion


You were on level 9 of the Dungeon.
You worshipped Trog.
Trog was extremely pleased with you.
You were hungry.

You visited 1 branch of the dungeon, and saw 9 of its levels.

You collected 509 gold pieces.

Inventory:

Hand Weapons
 a - a +1 morningstar of draining (weapon)
   (You took it off a death knight on level 8 of the Dungeon)
 b - a +0 hunting sling
   (You found it on level 1 of the Dungeon)
 v - a +3 falchion
   (You found it on level 3 of the Dungeon)
 S - a +0 flail of draining
   (You took it off an orc on level 3 of the Dungeon)
Missiles
 N - 29 sling bullets
Armour
 h - a +1 ring mail of magic resistance (worn)
   (You found it on level 8 of the Dungeon)
 o - a +0 hat (worn)
   (You found it on level 2 of the Dungeon)
 y - a +0 ring mail
   (You found it on level 3 of the Dungeon)
 A - a +0 pair of boots (worn)
   (You found it on level 5 of the Dungeon)
 L - a +1 cloak (worn)
   (You found it on level 7 of the Dungeon)
Jewellery
 f - a +5 ring of slaying (right hand)
   (You took it off a goblin on level 1 of the Dungeon)
 q - an uncursed ring of ice
   (You found it on level 3 of the Dungeon)
 F - an uncursed ring of poison resistance
   (You found it on level 6 of the Dungeon)
 H - the ring "Coxkur" {+Inv Int+5}
   (You found it on level 6 of the Dungeon)

   [ring of intelligence]

   It affects your intelligence (+5).
   It lets you turn invisible.
 O - an uncursed ring of flight
   (You found it on level 7 of the Dungeon)
 R - a +6 ring of protection (left hand)
   (You found it on level 8 of the Dungeon)
Wands
 E - a wand of enslavement (18)
   (You found it on level 6 of the Dungeon)
 G - a wand of paralysis (15)
   (You found it on level 8 of the Dungeon)
 I - a wand of polymorph (11)
   (You found it on level 6 of the Dungeon)
 M - a wand of acid (13)
   (You found it on level 7 of the Dungeon)
Scrolls
 d - a scroll of noise {unknown}
 g - 10 scrolls of remove curse {@r2}
 i - a scroll of fog {unknown}
 k - a scroll of immolation {unknown}
 r - 4 scrolls of teleportation
 s - 2 scrolls of fear {unknown}
 w - a scroll of magic mapping {unknown}
 z - 3 scrolls of enchant weapon {unknown}
 B - 5 scrolls of identify {@r1}
 C - a scroll of amnesia {unknown}
 D - a scroll of holy word {unknown}
 K - a scroll of enchant armour {unknown}
 P - a scroll of silence {unknown}
 Q - a scroll of summoning {unknown}
 U - a scroll of blinking {unknown}
Potions
 e - 6 potions of curing {@q1}
 j - a potion of haste
 l - 3 potions of flight {unknown}
 m - 2 potions of mutation {unknown}
 n - 3 potions of degeneration {unknown}
 p - a potion of magic {unknown}
 t - a potion of might {unknown}
 u - a potion of resistance {unknown}
 x - 3 potions of agility
 J - a potion of lignification {unknown}
 T - a potion of brilliance {unknown}
Comestibles
 c - 18 rations
 V - a chunk of flesh


   Skills:
 + Level 13.5 Fighting
 - Level 4.8 Long Blades
 + Level 13.6 Maces & Flails
 - Level 2.4 Armour
 - Level 2.1 Dodging


You had 9 spell levels left.
You didn't know any spells.

Dungeon Overview and Level Annotations

Branches:
Dungeon (9/15)             Temple (0/1) D:5
   Lair: D:8-11         Orc: D:9-12

Altars:
Cheibriados
Gozag
Hepliaklqana
Kikubaaqudgha
Uskayaw
Xom
Yredelemnul
Zin
The Shining One

Annotations:
D:9 Caerwyn's ghost, novice GnSk


Innate Abilities, Weirdness & Mutations

You reflexively headbutt those who attack you in melee.
You have a pair of horns on your head.


Message History

Caerwyn's ghost barely misses you. You furiously retaliate!
You headbutt Caerwyn's ghost. You puncture Caerwyn's ghost!
Caerwyn's ghost's shroud falls apart!
You headbutt Caerwyn's ghost!
Caerwyn's ghost is severely damaged.
Caerwyn's ghost hits you but does no damage.
You are electrocuted!
You barely miss Caerwyn's ghost.
Caerwyn's ghost is severely damaged.
You thump Caerwyn's ghost!
Caerwyn's ghost is almost destroyed.
Caerwyn's ghost casts a spell.
Space distorts along a thin shroud covering Caerwyn's ghost's form.
You completely miss Caerwyn's ghost.
Caerwyn's ghost is almost destroyed.
Caerwyn's ghost hits you.
You puncture Caerwyn's ghost!
Caerwyn's ghost's shroud falls apart!
Your headbutt misses Caerwyn's ghost.
Caerwyn's ghost is almost destroyed.
Caerwyn's ghost mumbles some strange words.
Space distorts along a thin shroud covering Caerwyn's ghost's form.
You barely miss Caerwyn's ghost.
Caerwyn's ghost is almost destroyed.
Caerwyn's ghost completely misses you. You furiously retaliate!
You headbutt Caerwyn's ghost, but do no damage.
You closely miss Caerwyn's ghost.
Caerwyn's ghost is almost destroyed.
Caerwyn's ghost hits you but does no damage.
You are electrocuted!
You closely miss Caerwyn's ghost.
Caerwyn's ghost is almost destroyed.
You barely miss Caerwyn's ghost.
Caerwyn's ghost is almost destroyed.
Caerwyn's ghost hits you.
Caerwyn's ghost's shroud bends your attack away!
Caerwyn's ghost hits you!
* * * LOW HITPOINT WARNING * * *
You are electrocuted!
* * * LOW HITPOINT WARNING * * *
You closely miss Caerwyn's ghost.
Caerwyn's ghost is almost destroyed.
Caerwyn's ghost hits you but does no damage.
You are electrocuted!
* * * LOW HITPOINT WARNING * * *
A red film seems to cover your vision as you go berserk!
You feel yourself moving faster!
You feel mighty!
You are feeling hungry.
Caerwyn's ghost hits you but does no damage.
You are electrocuted!
You die...

############ #####
............ .... .
##.......# #..# ...
#.......## #..###..(.
##.......##..###.........
.................Wg...(.(
######'#########@#......#
.......>.........#......#
.................#......#
.................#..##..#
.................#... .#
.....#############.... #
.....###....# ....
............#
............#


You could see Caerwyn's ghost and a hobgoblin.

Vanquished Creatures
  4 two-headed ogres
  A death knight (D:8)
  A hornet (D:8)
  A troll (D:9)
  A wyvern (D:8)
  A hungry ghost (D:6)
  A soldier ant (D:8)
  Menkaure (D:5)
  3 orc warriors
  4 phantoms
  2 ogres
  4 centaurs
  3 bullfrogs
  A wyvern zombie (D:6)
  4 scorpions
  The ghost of twitchblade17 the Shield-Bearer, a weakling TrFi (D:3)
  4 wights (D:6)
  2 howler monkeys
  5 crimson imps
  A quasit (D:6)
  A jelly (D:5)
  2 centaur skeletons (D:8)
  4 hounds
  6 orc priests
  3 iguanas
  6 orc wizards
  6 worker ants
  A hound zombie (D:6)
  A howler monkey zombie (D:6)
  3 adders
  4 gnolls (D:5)
  A river rat (D:4)
  2 shadow imps
  An adder zombie (D:9)
  3 worms
  2 dart slugs (D:1)
  5 leopard geckos
  25 orcs
  5 giant cockroaches
  8 goblins
  6 hobgoblins
  16 jackals
  4 quokkas (D:6)
  A ball python (D:2)
  A ball python skeleton (D:4)
  5 bats
  14 frilled lizards
  A jackal skeleton (D:8)
  4 kobolds
  A leopard gecko skeleton (D:4)
  A quokka skeleton (D:5)
  A quokka zombie (D:5)
  5 rats
194 creatures vanquished.

Notes
Turn   | Place    | Note
-------+----------+-------------------------------------------
     0 | D:1      | b5mith the Minotaur Berserker began the quest for the Orb.
     0 | D:1      | Reached XP level 1. HP: 19/19 MP: 0/0
    76 | D:1      | Reached XP level 2. HP: 17/27 MP: 1/1
   473 | D:1      | Reached XP level 3. HP: 27/34 MP: 2/2
   474 | D:1      | Reached ** piety under Trog
  1906 | D:3      | Reached XP level 4. HP: 41/41 MP: 3/3
  2045 | D:3      | Found a glowing golden altar of the Shining One.
  2096 | D:3      | Noticed twitchblade17's ghost (weakling TrFi)
  2106 | D:3      | Killed twitchblade17's ghost
  2106 | D:3      | Reached skill level 5 in Fighting
  2681 | D:4      | Reached XP level 5. HP: 40/48 MP: 4/4
  3162 | D:4      | Reached XP level 6. HP: 53/57 MP: 5/5
  3245 | D:4      | Reached *** piety under Trog
  3277 | D:4      | Found an opulent altar of Gozag.
  3431 | D:4      | Reached skill level 5 in Maces & Flails
  3708 | D:5      | Entered Level 5 of the Dungeon
  3742 | D:5      | Reached XP level 7. HP: 41/64 MP: 6/6
  3907 | D:5      | Noticed Menkaure
  3914 | D:5      | Killed Menkaure
  4315 | D:5      | Found a staircase to the Ecumenical Temple.
  4546 | D:6      | Reached **** piety under Trog
  4546 | D:6      | Reached XP level 8. HP: 74/74 MP: 7/7
  4644 | D:6      | Found a snail-covered altar of Cheibriados.
  4730 | D:6      | Found a large runed door.
  4736 | D:6      | Found a large runed door.
  5006 | D:6      | Found a large runed door.
  5006 | D:6      | Found a large runed door.
  5109 | D:6      | Reached skill level 10 in Maces & Flails
  5109 | D:6      | Reached XP level 9. HP: 80/85 MP: 8/8
  5141 | D:6      | Noticed a two-headed ogre
  5142 | D:6      | Found the +4 dagger "Morg" {pain, MR+ Int+5}
  5149 | D:6      | Killed a two-headed ogre
  5149 | D:6      | Reached skill level 10 in Fighting
  5423 | D:6      | Got a slimy lapis lazuli ring
  5932 | D:7      | Identified the ring "Coxkur" {+Inv Int+5} (You found it on level 6 of the Dungeon)
  6068 | D:7      | Found a faded altar of an unknown god.
  6068 | D:7      | Found a faded altar of an unknown god.
  6073 | D:7      | Found an opulent altar of Gozag.
  6075 | D:7      | Found a shimmering altar of Xom.
  6076 | D:7      | Found a glowing silver altar of Zin.
  6166 | D:8      | Got a pitted leather armour
  6177 | D:8      | Identified the cursed +0 leather armour "Pialle" {Regen+} (You found it on level 8 of the Dungeon)
  6206 | D:8      | Found a hazy altar of Hepliaklqana.
  6229 | D:8      | Reached ***** piety under Trog
  6288 | D:8      | Noticed a dagger
  6289 | D:8      | Noticed a hand axe
  6298 | D:8      | Found a hide-covered altar of Uskayaw.
  6341 | D:8      | Noticed a two-headed ogre
  6348 | D:8      | Killed a two-headed ogre
  6384 | D:8      | Reached XP level 10. HP: 57/97 MP: 9/9
  6671 | D:8      | Paralysed by a hornet for 3 turns
  6686 | D:8      | Noticed a death knight
  6688 | D:8      | HP: 4/97 [poisoned by a soldier ant]
  6689 | D:8      | HP: 1/97 [poisoned by a soldier ant]
  7084 | D:8      | Noticed a two-headed ogre
  7092 | D:8      | Killed a two-headed ogre
  7095 | D:8      | Found a basalt altar of Yredelemnul.
  7509 | D:8      | Killed a death knight
  7970 | D:8      | Found an ancient bone altar of Kikubaaqudgha.
  8060 | D:9      | Noticed a two-headed ogre
  8070 | D:9      | Killed a two-headed ogre
  8516 | D:9      | Noticed Caerwyn's ghost (novice GnSk)
  8545 | D:9      | Slain by Caerwyn's ghost

Vault maps used:
D:1:      matt_arrival_diagonals, grunt_decor_arrowhead, minmay_lizard_king
D:2:      minmay_statues_item
D:3:      hangedman_decor_riveting, tso_metal_star
D:4:      gup_sewer_entry_bubbles, nrook_mini_backslash, grunt_gozag_breadcrumbs
D:5:      minmay_temple_entry_from_below_b, first_ration, uniq_menkaure
D:6:      cheibrodos_worm_habitat, minmay_hollow_rounded_squares
D:7:      chequers_temple_overflow_minitemple
D:8:      minmay_bloctagon_deflated, dancing_weapons_uskayaw,
          overflow_temple_1_default, kennysheep_mini_moat, lemuel_round_altar,
          hangedman_pestilent_swarm
D:9:      vehumet_altar_wand_db, kennysheep_mini, orc_0_dummy

Skill      XL: |  1  2  3  4  5  6  7  8  9 10 |
---------------+-------------------------------+-----
Fighting       | 4 5 6 7 9 11 13 | 13.5
Long Blades    | 4 |  4.8
Maces & Flails | 2 4 6 8 10 12 13 | 13.6
Armour         | |  2.4
Dodging        | |  2.1

Action                   |  1- 3 |  4- 6 |  7- 9 | 10-12 || total
-------------------------+-------+-------+-------+-------++-------
Melee: Falchion          |    90 |       |       |       ||    90
       Headbutt          |    12 |    13 |    29 |    16 ||    70
       Flail             |     7 |    68 |   152 |    47 ||   274
       Morningstar       |       |       |       |    39 ||    39
 Fire: Hunting sling     |       |       |    23 |    39 ||    62
Invok: Berserk           |       |       |     1 |     3 ||     4
  Use: Scroll            |       |       |     7 |     2 ||     9
       Potion            |       |       |       |     1 ||     1
  Eat: Chunk             |     3 |     6 |    10 |     6 ||    25
       Ration            |       |       |       |     1 ||     1
Armor: Animal skin       |    16 |     1 |       |       ||    17
       Ring mail         |       |    12 |    22 |    31 ||    65
       Skin              |       |       |     7 |       ||     7
Dodge: Dodged            |    57 |    30 |    74 |    22 ||   183
       Rpst.: Falchion   |    10 |       |       |       ||    10

Table legend:
 A = Spawn XP
 B = Non-spawn XP
 C = Spawn XP percentage of total XP
 D = Spawn monster count
 E = Non-spawn monster count
 F = Spawn count percentage of total count
 G = Total turns spent on level
                    A         B        C        D         E        F      G
               +---------+---------+-------+---------+---------+-------+---------
         Total |       0 |   10151 |   0.0 |       0 |     194 |   0.0 |  8545
               +---------+---------+-------+---------+---------+-------+---------
           D:1 |       0 |      55 |   0.0 |       0 |      33 |   0.0 |  1107
           D:2 |       0 |      30 |   0.0 |       0 |      14 |   0.0 |   625
           D:3 |       0 |      95 |   0.0 |       0 |      15 |   0.0 |   940
           D:4 |       0 |     455 |   0.0 |       0 |      22 |   0.0 |  1036
           D:5 |       0 |     648 |   0.0 |       0 |      19 |   0.0 |   796
           D:6 |       0 |    2821 |   0.0 |       0 |      44 |   0.0 |  1250
           D:7 |       0 |     155 |   0.0 |       0 |       3 |   0.0 |   395
           D:8 |       0 |    4491 |   0.0 |       0 |      36 |   0.0 |  1903
           D:9 |       0 |    1401 |   0.0 |       0 |       8 |   0.0 |   493
               +---------+---------+-------+---------+---------+-------+---------
